Map: Catalyst LE

Players

zak

  • Race: Terran Terran
  • League: Platinum
  • Spawn Location: 5:00

Titimtimon - Winner!

  • Race: Terran Terran
  • League: Silver
  • Spawn Location: 11:00

VOD

Have the link to the VOD?

Description

Time

  • Played on: March 22, 2018, 10:38 p.m.
  • Length: 19:48
Show
View Real Time Build Order
Export as new Build Order

zak Terran 

Build Orders: MMM Bio 

Get SALT Encoding   

  12  0:01  SCV  
  13  0:16  Supply Depot  
  13  0:17  SCV  
  14  0:29  SCV  
  15  0:41  Barracks  
  15  0:42  SCV  
  16  0:48  Refinery  
  16  0:54  SCV  
  17  1:06  SCV  
  17  1:09  Supply Depot  
  18  1:18  SCV  
  19  1:30  SCV  
  20  1:33  Barracks Reactor  
  20  1:40  Refinery  
  20  1:42  SCV  
  20  1:44  Barracks  
  21  1:54  SCV  
  22  2:03  Engineering Bay  
  22  2:09  Orbital Command  
  22  2:12  Reaper x2  
  24  2:32  Reaper  
  24  2:36  Barracks  
  25  2:37  SCV  
  25  2:43  Supply Depot  
  26  2:44  Reaper  
  26  2:48  Reaper  
  26  2:50  SCV  
  29  3:02  SCV  
  29  3:04  Reaper  
  31  3:08  Factory  
  31  3:15  SCV  
  32  3:20  Supply Depot  
  32  3:24  Marine x2  
  34  3:34  Barracks Tech Lab  
  34  3:38  Barracks Reactor  
  34  3:42  Marine x2  
  34  3:46  Command Center  
  36  3:57  Stimpack  
  36  3:58  Factory Tech Lab  
  36  4:10  SCV  
  37  4:17  Missile Turret  
  37  4:21  Marine  
  37  4:22  Siege Tank, SCV  
  42  4:24  Marine  
  41  5:32  Marine  
  41  5:33  Marine x4  
  46  5:41  Siege Tank  
  49  5:47  Starport  
  49  5:50  Marine x2  
  49  5:51  Marine x3  
  49  5:55  Supply Depot  
  54  5:57  Terran Infantry Weapons Level 1  
  54  5:59  Combat Shields  
  54  6:03  Orbital Command  
  54  6:08  Marine x3  
  54  6:09  Marine x2  
  59  6:13  Missile Turret  
  59  6:26  Marine x4  
  59  6:27  Marine  
  63  6:34  SCV  
  64  6:43  Missile Turret  
  64  6:44  SCV  
  64  6:46  SCV  
  66  6:50  Siege Tank  
  66  6:51  Starport Reactor  
  66  6:52  Marine  
  70  6:57  Supply Depot  
  70  7:10  Supply Depot  
  70  7:18  Marine  
  70  7:19  Marine, SCV x2  
  74  7:29  Medivac x2  
  75  7:30  Siege Tank  
  75  7:32  SCV x2  
  80  7:39  Supply Depot  
  80  7:44  Marine x4, SCV x2  
  80  7:51  Terran Infantry Armor Level 1, Supply Depot  
  86  8:01  Marine, SCV x2  
  86  8:02  Marine x4  
  93  8:12  Medivac x2  
  97  8:15  Supply Depot  
  97  8:16  SCV  
  97  8:19  Marine  
  99  8:20  Marine x2  
  101  8:28  SCV  
  102  8:40  SCV  
  85  9:00  SCV  
  84  9:08  Marine x2  
  86  9:11  Starport  
  86  9:12  SCV  
  86  9:15  Cyclone  
  86  9:17  SCV  
  91  9:24  SCV  
  91  9:25  Refinery  
  91  9:29  SCV  
  93  9:36  Missile Turret, SCV  
  94  9:40  Marine  
  94  9:41  Marine x3, SCV  
  94  9:42  Medivac x2  
  103  9:47  Marine  
  104  9:53  Armory, SCV  
  104  9:58  Marine x2  
  104  9:59  Marine x2  
  109  10:05  Marine  
  103  10:16  Marine  
  104  10:44  Starport Tech Lab  
  104  10:47  Missile Turret  
  104  10:49  SCV  
  105  10:55  Marine x2  
  105  10:56  Marine x3  
  110  11:00  Supply Depot, Terran Infantry Weapons Level 2, Command Center  
  110  11:24  Supply Depot  
  110  11:29  Marine x2, SCV  
  79  11:41  SCV  
  80  11:53  Cloaking Field, SCV  
  81  11:56  Banshee  
  84  12:08  Liberator x2  
  84  12:19  Starport  
  84  12:22  Starport  
  84  12:29  Barracks  
  90  12:33  Barracks  
  90  12:34  Marine x2  
  90  12:35  Marine x3  
  95  12:38  Banshee  
  95  12:42  Missile Turret  
  98  12:52  Marine x3  
  98  12:53  Marine x2  
  87  13:09  Planetary Fortress  
  87  13:10  Marine x4  
  91  13:14  Starport Tech Lab  
  91  13:23  Starport Tech Lab  
  91  13:27  Banshee  
  94  13:54  Marine x2  
  94  13:55  Marine x5  
  101  14:12  Marine x3  
  61  15:32  Orbital Command  
  43  16:50  Marine  
  43  16:54  Marine x4  
  44  16:55  Marine x2  
  50  17:02  SCV  
  51  17:09  SCV  
  51  17:14  SCV  
  53  17:21  SCV  
  54  17:26  SCV  
  55  17:34  Marine x4  
  55  17:35  Marine  
  60  17:38  Banshee x3  
  63  17:48  Missile Turret  
  63  17:53  SCV  
  64  18:05  SCV  
  65  18:11  Marine x5  
  65  18:12  Marine x2  
  71  18:20  Banshee  
  71  18:23  Missile Turret  
  74  18:28  Marine  
  74  18:29  Marine x2  
  31  18:57  Marine x4  
  31  18:58  Marine  
  29  19:03  Banshee x2  
  15  19:30  Command Center  
Show
View Real Time Build Order
Export as new Build Order

Titimtimon Terran - Winner!

Build Orders: Cyclone Opening, Bio Tank 

Get SALT Encoding   

  12  0:02  SCV  
  13  0:18  Supply Depot, SCV  
  14  0:30  SCV  
  14  0:35  Refinery  
  15  0:42  SCV  
  16  0:47  Barracks  
  16  0:58  SCV  
  17  1:10  SCV  
  18  1:22  SCV  
  19  1:38  Command Center  
  19  1:46  Orbital Command  
  19  1:51  Barracks Reactor  
  19  2:02  Factory  
  19  2:11  SCV  
  20  2:21  Supply Depot  
  20  2:24  SCV  
  20  2:27  Marine  
  22  2:36  Refinery  
  22  2:37  SCV  
  23  2:42  Marine  
  24  2:45  Supply Depot  
  24  2:49  Cyclone  
  27  2:52  SCV  
  27  2:57  Marine  
  29  3:10  SCV  
  29  3:12  Orbital Command  
  30  3:20  Marine  
  30  3:21  Starport  
  30  3:24  Factory Tech Lab  
  31  3:29  SCV  
  32  3:34  Marine  
  32  3:38  Supply Depot  
  33  3:43  SCV  
  33  3:44  SCV  
  35  3:56  Engineering Bay, Marine  
  35  4:00  Barracks  
  35  4:02  Siege Tank  
  39  4:13  SCV x2  
  41  4:21  Refinery  
  41  4:23  Marine  
  41  4:24  Marine  
  43  4:25  SCV  
  43  4:28  SCV  
  43  4:30  Medivac  
  47  4:38  SCV  
  41  4:47  SCV  
  41  4:48  Marine x2  
  41  4:50  SCV  
  39  5:22  Siege Tank  
  39  5:26  SCV  
  39  5:27  SCV  
  43  5:31  Marine x2  
  45  5:45  SCV  
  45  5:49  Marine x2  
  48  5:54  Siege Tank  
  51  5:57  SCV  
  51  5:59  SCV  
  53  6:07  Marine  
  53  6:08  Marine  
  53  6:10  SCV  
  53  6:11  SCV  
  58  6:16  Missile Turret  
  58  6:20  Barracks Tech Lab  
  58  6:22  SCV  
  58  6:25  Marine  
  58  6:35  SCV x2  
  58  6:36  Marine  
  61  6:43  Marine  
  62  6:48  Stimpack  
  62  7:02  Supply Depot  
  62  7:03  Supply Depot  
  62  7:23  Viking, Marine x3, SCV x2  
  62  7:24  Factory  
  62  7:25  Siege Tank  
  72  7:36  SCV  
  73  7:40  Supply Depot  
  73  7:41  Marine x3, Supply Depot x2  
  76  7:53  Medivac  
  78  7:58  Terran Infantry Weapons Level 1  
  78  8:01  Marine  
  78  8:02  Siege Tank, Marine x2  
  78  8:04  Supply Depot  
  78  8:05  Supply Depot  
  84  8:07  SCV x2  
  86  8:19  Marine  
  87  8:28  Marine x2  
  87  8:30  Viking  
  87  8:32  Factory Tech Lab  
  91  8:34  Siege Tank  
  87  8:45  Marine  
  87  8:46  Marine  
  89  8:49  Combat Shields  
  89  9:05  Marine x3  
  89  9:06  Siege Tank  
  89  9:08  Viking  
  97  9:13  Command Center  
  97  9:34  Marine x2  
  97  9:35  Command Center  
  97  9:36  Marauder  
  104  9:38  Siege Tank  
  104  9:40  SCV x2  
  106  9:57  Marine x3  
  109  10:01  Viking  
  106  10:10  Siege Tank  
  100  10:17  Marine x2  
  96  10:30  SCV x2  
  96  10:33  Sensor Tower  
  96  10:35  SCV  
  99  10:39  Marine x3  
  99  10:40  Refinery  
  99  10:42  SCV x2  
  104  10:47  SCV  
  105  10:54  SCV x2  
  105  10:55  Siege Tank  
  110  10:57  Marine x3  
  110  10:59  SCV  
  114  11:06  SCV  
  114  11:07  SCV  
  114  11:11  SCV  
  117  11:15  Marine  
  112  11:28  Marine x2  
  112  11:29  Siege Tank  
  112  11:32  Marine  
  103  11:42  Viking  
  103  11:46  Marine x2  
  107  11:49  Refinery  
  107  11:50  SCV  
  107  11:52  SCV x2  
  107  11:53  Refinery  
  110  11:58  Marine  
  110  11:59  Supply Depot x3  
  110  12:00  Supply Depot  
  111  12:01  Siege Tank  
  111  12:02  SCV  
  111  12:04  Marine  
  116  12:12  Viking  
  116  12:14  SCV  
  119  12:33  Siege Tank, SCV x2  
  119  12:34  SCV  
  119  12:35  Marine x2  
  119  12:36  Marine  
  128  12:42  Viking  
  130  12:45  SCV x2  
  132  13:04  Marine  
  132  13:05  Marine x2  
  135  13:06  Siege Tank  
  135  13:12  Viking  
  137  13:22  Marine x2  
  137  13:26  Starport  
  139  13:30  Armory  
  139  13:33  Marine  
  140  13:34  Starport  
  140  13:37  SCV  
  140  13:38  Siege Tank, Starport  
  140  13:40  Marine  
  145  13:42  Viking  
  147  13:49  SCV x2  
  147  13:50  Marine, SCV  
  147  13:51  Marine  
  152  14:01  SCV  
  147  14:10  Siege Tank  
  147  14:12  Viking  
  149  14:35  Starport Tech Lab  
  149  14:36  Starport Tech Lab x2  
  149  14:42  Viking, Siege Tank  
  147  15:00  Marine x2  
  147  15:01  Marine  
  150  15:11  Viking  
  152  15:14  Siege Tank  
  152  15:20  Marine x2  
  152  15:21  Marine  
  155  15:38  Marine  
  155  15:41  Viking  
  158  15:46  Siege Tank  
  158  15:47  Fusion Core  
  161  15:50  Marine x2  
  155  16:04  Marine  
  155  16:08  Marine  
  155  16:10  SCV  
  151  16:11  Viking  
  151  16:14  Refinery  
  151  16:17  Marine  
  154  16:18  Siege Tank  
  154  16:22  SCV  
  158  16:32  Sensor Tower  
  158  16:34  Marine x3, SCV  
  162  16:41  Viking, Sensor Tower  
  162  16:42  Battlecruiser  
  162  16:44  Battlecruiser  
  162  16:46  SCV  
  177  16:50  Siege Tank  
  177  16:51  Supply Depot  
  177  16:52  Supply Depot  
  177  16:53  Supply Depot  
  180  17:10  Sensor Tower  
  180  17:12  Viking  
  180  17:13  Marauder, SCV x3  
  180  17:14  Battlecruiser  
  196  17:22  Siege Tank  
  196  18:12  Battlecruiser  
  177  18:49  Marine  
  164  19:03  Marine x2  
  164  19:07  Marine  
Tags
 
Composition
Bio TankMMM Bio
Matchup
TvT
Race
Terran
Spawn Locations
Cross Positions
Add a new tag
Caveats
  • Supply blocks, unpowered buildings, or Contaminate may cause inaccurate times.
  • Supply counts are checked every 10 seconds.